Map: Galactic Process LE

Players

Fropez

  • Race: Protoss Protoss
  • League: Gold
  • Spawn Location: 1:00

BSlaughter - Winner!

  • Race: Zerg Zerg
  • League: Gold
  • Spawn Location: 7:00

VOD

Have the link to the VOD?

Description

Time

  • Played on: Oct. 13, 2016, 8:46 p.m.
  • Length: 14:15
Show
View Real Time Build Order
Export as new Build Order

Fropez Protoss 

Build Orders: Nexus First 

Get SALT Encoding   

  12  0:01  Probe (Chrono Boost)  
  13  0:23  Pylon  
  13  0:40  Probe (Chrono Boost)  
  14  0:51  Probe (Chrono Boost)  
  14  0:56  Nexus  
  15  1:09  Gateway  
  15  1:16  Probe (Chrono Boost)  
  16  1:22  Assimilator  
  16  1:26  Probe (Chrono Boost)  
  17  1:43  Probe (Chrono Boost)  
  17  1:44  Pylon  
  18  1:52  Assimilator  
  18  1:54  Probe (Chrono Boost)  
  19  2:02  Cybernetics Core  
  19  2:04  Probe (Chrono Boost)  
  20  2:09  Probe (Chrono Boost)  
  21  2:29  Gateway  
  21  2:30  Gateway  
  21  2:33  Probe (Chrono Boost)  
  22  2:37  Probe (Chrono Boost)  
  25  2:44  Mothership Core (Chrono Boost)  
  25  2:47  Warp Gate (Chrono Boost)  
  25  2:51  Probe  
  26  3:03  Probe  
  27  3:17  Pylon, Probe x2  
  29  3:20  Adept x2  
  29  3:23  Adept  
  35  3:28  Probe  
  35  3:29  Probe  
  37  3:40  Gateway  
  37  3:44  Pylon  
  37  3:52  Gateway  
  37  3:54  Assimilator  
  37  3:56  Probe  
  37  3:57  Probe  
  39  4:09  Twilight Council  
  39  4:17  Gateway  
  41  4:22  Probe  
  41  4:23  Probe  
  41  4:35  Pylon  
  41  4:39  Pylon, Probe x2  
  43  4:49  Pylon, Probe  
  44  4:53  Resonating Glaives (Chrono Boost)  
  44  4:57  Probe  
  45  5:00  Probe  
  45  5:02  Pylon  
  46  5:14  Probe x2  
  46  5:17  Dark Shrine  
  46  5:19  Pylon  
  48  5:22  Assimilator  
  48  5:30  Adept x4  
  48  5:31  Adept x2  
  60  5:41  Probe  
  60  5:42  Probe  
  58  6:29  Adept x5  
  58  6:30  Adept  
  68  6:35  Nexus  
  68  6:38  Assimilator  
  64  6:42  Assimilator  
  64  6:45  Pylon  
  64  6:46  Pylon  
  56  6:51  Adept x3, Pylon  
  56  6:52  Adept x2  
  66  6:54  Adept  
  66  6:56  Probe x2  
  70  7:04  Forge  
  70  7:32  Adept x6  
  82  7:37  Protoss Ground Weapons Level 1 (Chrono Boost)  
  82  7:38  Probe  
  82  7:39  Probe  
  84  7:50  Probe  
  85  7:53  Dark Templar  
  85  7:54  Dark Templar x5  
  97  8:11  Probe  
  98  8:12  Probe  
  98  8:13  Probe  
  100  8:22  Probe  
  100  8:25  Probe  
  102  8:33  Probe  
  102  8:34  Probe  
  102  8:38  Adept x6  
  106  9:28  Nexus  
  94  9:52  Probe  
  84  9:53  Probe x2  
  84  9:56  Adept x4  
  84  9:57  Adept x2  
  97  10:11  Gateway x2  
  97  10:15  Gateway  
  97  10:17  Gateway  
  97  10:19  Pylon  
  97  10:22  Pylon  
  97  10:25  Pylon  
  97  10:28  Adept x6  
  109  10:50  Adept x5  
  109  10:51  Adept  
  109  10:57  Protoss Ground Weapons Level 2 (Chrono Boost)  
  121  11:03  Pylon  
  121  11:11  Gateway x2  
  121  11:15  Pylon, Gateway  
  121  11:23  Adept x3  
  121  11:24  Adept x5  
  121  11:25  Adept x2  
  141  11:53  Adept x6  
  141  11:54  Adept x4  
  161  12:10  Nexus  
  141  13:01  Forge  
  127  13:07  Dark Templar x6  
  127  13:08  Dark Templar x4  
  127  13:11  Dark Templar x3  
  137  13:20  Probe x2  
  137  13:21  Probe x2  
  111  13:37  Pylon  
  80  13:53  Pylon  
  61  14:08  Zealot x6  
  61  14:09  Zealot x4  
Show
View Real Time Build Order
Export as new Build Order

BSlaughter Zerg - Winner!

Build Orders: Hatch First, Lurkers 

Get SALT Encoding   

  12  0:03  Drone  
  13  0:10  Drone  
  14  0:21  Overlord  
  14  0:41  Drone x3  
  17  0:56  Drone  
  18  1:10  Hatchery  
  17  1:17  Spawning Pool, Drone x2  
  18  1:25  Drone  
  19  1:39  Drone  
  20  1:49  Extractor  
  20  1:50  Drone  
  20  1:58  Drone  
  21  2:08  Drone  
  22  2:20  Spine Crawler  
  21  2:25  Spine Crawler  
  20  2:32  Spine Crawler  
  19  2:38  Spine Crawler  
  19  2:41  Drone  
  19  2:42  Drone x4  
  23  2:55  Drone x3  
  26  3:11  Drone x2  
  28  3:13  Hatchery  
  27  3:24  Extractor  
  26  3:30  Extractor, Drone  
  26  3:31  Drone x2  
  26  3:33  Overlord  
  28  3:38  Extractor  
  27  3:42  Lair  
  27  3:51  Evolution Chamber  
  27  3:53  Evolution Chamber, Drone x4  
  29  4:06  Drone x2  
  29  4:08  Queen  
  33  4:20  Drone x3  
  36  4:28  Overlord x2  
  36  4:30  Drone  
  36  4:31  Queen  
  37  4:34  Zerg Missile Weapons Level 1  
  37  4:35  Zerg Ground Armor Level 1  
  37  4:37  Drone x2  
  41  4:45  Queen  
  43  4:59  Hydralisk Den  
  42  5:05  Infestation Pit  
  41  5:11  Spore Crawler  
  41  5:13  Drone x6  
  41  5:14  Drone x3  
  49  5:25  Spine Crawler  
  49  5:27  Spine Crawler  
  47  5:28  Spore Crawler  
  47  5:30  Spore Crawler  
  47  5:33  Drone  
  47  5:35  Drone x3  
  49  5:38  Drone  
  50  5:55  Spine Crawler x2  
  48  5:58  Spine Crawler  
  48  6:01  Spine Crawler  
  48  6:03  Spine Crawler x2  
  44  6:04  Spine Crawler  
  44  6:09  Spine Crawler  
  42  6:13  Spine Crawler  
  42  6:17  Spine Crawler  
  36  6:24  Spine Crawler  
  33  6:35  Queen  
  28  6:49  Drone x2  
  28  6:50  Drone x4  
  34  6:54  Drone x2  
  36  7:09  Lurker Den  
  36  7:13  Pathogen Glands  
  36  7:36  Drone x4  
  36  7:37  Drone x6  
  42  7:44  Drone x2  
  47  7:45  Drone  
  47  7:48  Drone  
  47  7:50  Drone  
  51  7:53  Drone  
  52  8:07  Drone x2  
  52  8:08  Drone  
  55  8:14  Drone  
  55  8:15  Drone x2  
  58  8:22  Zerg Ground Armor Level 2, Zerg Missile Weapons Level 2  
  58  8:26  Burrow  
  58  8:58  Overlord x4  
  58  8:59  Overlord x3  
  58  9:10  Overseer x2  
  58  9:15  Queen  
  58  9:16  Spore Crawler  
  59  9:19  Spore Crawler  
  58  9:36  Drone x4  
  58  9:37  Drone x3  
  62  9:56  Hatchery  
  61  10:13  Neural Parasite  
  61  10:15  Infestor x3  
  61  10:16  Infestor x8  
  61  10:17  Infestor x2  
  61  10:20  Hydralisk  
  89  10:28  Spine Crawler x2  
  87  10:32  Spine Crawler  
  86  10:41  Extractor  
  85  10:43  Extractor  
  83  11:11  Overseer  
  83  11:23  Zergling x2  
  83  11:24  Zergling x8  
  88  11:36  Hive  
  88  11:37  Pneumatized Carapace  
  88  11:53  Lurker  
  89  11:54  Hydralisk  
  89  11:55  Hydralisk x7  
  105  12:35  Spine Crawler  
  102  12:37  Lurker x2  
  102  12:38  Lurker x3  
  102  12:39  Lurker  
  88  13:14  Lurker x2  
Tags
 
Composition
Lurkers
League
GoldGold
Matchup
PvZ
Replay Pack
All Mines
Spawn Locations
Cross Positions
Add a new tag
Caveats
  • Supply blocks, unpowered buildings, or Contaminate may cause inaccurate times.
  • Supply counts are checked every 10 seconds.